 Dungeon Crawl Stone Soup version 0.27.0-1-g7a089689b8 (webtiles) character file.

Game seed: 2719453565102530295

18 ZARRMARR the Chopper (level 2, 0/27 HPs)
             Began as a Hill Orc Monk on Aug 16, 2021.
             Slain by a gnoll (5 damage)
             ... on level 1 of the Dungeon.
             The game lasted 00:03:05 (890 turns).

ZARRMARR the Chopper (Hill Orc Monk)                 Turns: 890, Time: 00:03:07

Health: 0/27       AC:  5    Str: 13    XL:     2   Next: 66%
Magic:  2/2        EV: 11    Int: 10    God:
Gold:   38         SH:  0    Dex: 13    Spells: 1/1 levels left

rFire    . . .     SeeInvis .   a - +0 hand axe
rCold    . . .     Faith    .   (no shield)
rNeg     . . .     Spirit   .   c - +0 ring mail
rPois    .         Reflect  .   (no helmet)
rElec    .         Harm     .   (no cloak)
rCorr    .         Rampage  .   (no gloves)
Will     .....                  (no boots)
Stlth    +.........             (no amulet)
HPRegen  0.09/turn              (no ring)
MPRegen  0.08/turn              (no ring)

@: no status effects
A: no striking features
a: no special abilities


You were on level 1 of the Dungeon.
You visited 1 branch of the dungeon, and saw 2 of its levels.

You collected 38 gold pieces.

Inventory:

Hand Weapons
 a - a +0 hand axe (weapon)
Missiles
 d - 24 stones (quivered)
Armour
 c - a +0 ring mail (worn)
Scrolls
 e - a scroll of vulnerability {unknown}
 f - a scroll of acquirement {unknown}
 g - a scroll of fog {unknown}
Potions
 b - a potion of might {unknown}
 h - a potion of magic {unknown}


   Skills:
 + Level 4.0 Fighting
 + Level 4.4 Axes
 + Level 0.1 Armour
 + Level 2.7 Dodging
 - Level 1.5 Stealth


You had one spell level left.
You didn't know any spells.
Your spell library contained the following spells:

 Spells                   Type           Power      Damage    Failure   Level
 Sandblast                Erth           0%         2d4       63%         1
 Passwall                 Tmut/Erth      0%         N/A       77%         2
 Lee's Rapid Deconstruct  Erth           0%         3d5*      100%        5


Dungeon Overview and Level Annotations

Branches:
Dungeon (2/15)

Altars:

Shops:
D:1 !


Message History

A jackal comes into view.
The gnoll barely misses you.
The rat twitches its whiskers.
There is a stone staircase leading up here.
The rat barely misses you.
You hit the rat.
You kill the rat!
The gnoll barely misses you.
A rat comes into view.
A jackal comes into view.
The jackal barks!
The gnoll hits you with a +0 spear.
A gnoll comes into view. It is wielding a +0 spear.
The gnoll closely misses you.
There is a stone staircase leading up here.
The gnoll shouts!
You hit the gnoll.
The gnoll is moderately wounded.
You hit the gnoll. The gnoll hits you with a +0 spear. x2
A gnoll comes into view. It is wielding a +0 whip.
You hit the gnoll.
The gnoll is heavily wounded.
You barely miss the gnoll. The gnoll hits you with a +0 spear.
The gnoll closely misses you.
You barely miss the gnoll.
The gnoll is heavily wounded.
You hit the gnoll but do no damage. The gnoll closely misses you.
The gnoll hits you with a +0 spear!
A bat comes into view.
The gnoll hits you with a +0 spear. The jackal barely misses you.
The gnoll barely misses you.
You climb upwards.
There is a stone staircase leading down here.
You hit the gnoll.
The gnoll is almost dead.
You hit the jackal. You hit the gnoll but do no damage. The jackal bites you.
The gnoll hits you with a +0 spear.
* * * LOW HITPOINT WARNING * * *
The gnoll hits you with a +0 spear.
You die...

...# #...#########...#
#...# ...#
##....#####....## #...#
...## ##......[....##
##...# ....## ###.......###
##...##
.....########.########....#
.(......#####'#####.......#
..........................#
...............hgg.....####
................@#######
...#############.# #..#
#..# ...# #.## .#.# #.#
..## #.# #.# ##.# .## #..#
.# #.##


You could see 2 gnolls and a jackal.

Vanquished Creatures
  A dart slug (D:1)
  An endoplasm (D:1)
  A goblin (D:1)
  A hobgoblin (D:1)
  4 jackals (D:1)
  A quokka (D:1)
  2 ball pythons (D:1)
  2 kobolds
  A rat (D:2)
14 creatures vanquished.

Notes
Turn   | Place    | Note
-------+----------+-------------------------------------------
     0 | D:1      | ZARRMARR the Hill Orc Monk began the quest for the Orb.
     0 | D:1      | Reached XP level 1. HP: 19/19 MP: 1/1
   133 | D:1      | Reached XP level 2. HP: 24/27 MP: 2/2
   489 | D:1      | Found a faded altar of an unknown god.
   513 | D:1      | Found Rohoj's Distillery.
   890 | D:1      | Slain by a gnoll

Illustrated notes

Levels and vault maps discovered:
D:1:      dpeg_arrival_concentric_ovals, layout_basic, serial_shops,
          nicolae_diamond_shop, shapermc_ecumenical_altar_gd, hex_large
D:2:      layout_basic, minmay_quadrilaterals

Skill      XL: |  1  2 |
---------------+-------+-----
Fighting       | 4 |  4.0
Axes           | |  4.4
Armour         | |  0.1
Dodging        | |  2.7
Stealth        | |  1.5

Action                   || total
-------------------------++-------
Melee: Hand axe          ||    47
Throw: Stone             ||     4
Armor: Ring mail         ||    19
Dodge: Dodged            ||    41
